cohdb
Replays
Latest Replays
All Replays
Popular Replays
Top Player Replays
Match Explorer
How It Works
Community
CoH3 Stats
Reddit
Sign in to upload your games and track your stats! →
Sign in with Steam
Match 40986860
Unlisted
Match 40986860
Overview
Messages
Build Orders
End
Construct Weapon Support Center
Selects Special Operations Battlegroup
Selects M29 Weasel Recon Vehicle
M1919 Machine Gun Team
M29 Weasel Recon Vehicle
Engineer Squad
Infantry Support Center
M1919 Machine Gun Team
M1919 Machine Gun Team
Selects Raiding Flares
Advanced Logistics
Bazooka Squad
Improved M9 Bazooka Rockets
Survival Training
Selects SSF Commando Squad
SSF Commando Squad
SSF Commando Squad
Construct Motor Pool
M1 Anti-tank Gun Team
SSF Commando Squad
Selects P-47 Anti-Infantry Loiter
Construct Tank Depot
SSF Commando Squad
M3 Armored Personnel Carrier
Selects UNKNOWN (2162291)
Selects Assault Operation
^3
DIV 250 BigBoss
Chicharrone$DeCaí
OddBall_ESP
WЇЌĭήğ§* ★assasin
Septimus
0
0
Comments
sign in to comment!
No comments posted yet!